 Dungeon Crawl Stone Soup version 0.26-a0-259-g1effd001a9 (webtiles) character file.

Game seed: 5040080280729308323

282 Apogee the Ruffian (level 6, -12/61 HPs)
             Began as a Troll Abyssal Knight on July 13, 2020.
             Was a Priest of Lugonu.
             Mangled by an ogre
             ... wielding a +0 giant club
              (21 damage)
             ... on level 5 of the Dungeon.
             The game lasted 00:03:22 (2214 turns).

Apogee the Ruffian (Troll Abyssal Knight)           Turns: 2214, Time: 00:03:23

Health: -12/61     AC:  6    Str: 23    XL:     6   Next: 6%
Magic:  16/16      EV: 10    Int:  8    God:    Lugonu [***...]
Gold:   196        SH:  0    Dex:  9    Spells: 5/5 levels left

rFire    . . .     SeeInvis .     - Unarmed
rCold    . . .     Faith    .   (no shield)
rNeg     . . .     Spirit   .   a - +0 robe
rPois    .         Reflect  .   (helmet restricted)
rElec    .         Harm     .   (no cloak)
rCorr    .                      (gloves unavailable)
MR       .....                  (boots unavailable)
Stlth    +.........             (no amulet)
HPRegen  0.60/turn              n - ring of magical power
MPRegen  0.15/turn              (no ring)

@: no status effects
A: large, unfitting armour, claws 3, fast metabolism 1, regeneration 1, shaggy
fur 1, tough skin 3
a: Depart the Abyss, Bend Space, Banish, Renounce Religion


You were on level 5 of the Dungeon.
You worshipped Lugonu.
Lugonu was most pleased with you.
You were not hungry.

You visited 1 branch of the dungeon, and saw 5 of its levels.
You visited the Abyss 1 time.

You collected 196 gold pieces.

Inventory:

Hand Weapons
 o - a +2 spear of flaming
Missiles
 p - 2 throwing nets (quivered)
Armour
 a - a +0 robe (worn)
Jewellery
 n - a ring of magical power (left claw)
Wands
 d - a wand of iceblast (6)
Scrolls
 c - 6 scrolls of identify
 h - 2 scrolls of amnesia
 j - 2 scrolls of remove curse
 k - 3 scrolls of teleportation
 l - a scroll of random uselessness {unknown}
Potions
 e - a potion of heal wounds {unknown}
 f - 2 potions of curing
 g - a potion of magic {unknown}
 i - a potion of cancellation {unknown}
 m - a potion of resistance {unknown}
Comestibles
 b - 10 rations


   Skills:
 + Level 3.5 Fighting
 - Level 1.9 Dodging
 * Level 4.8 Unarmed Combat
 + Level 2.9 Invocations


You had 5 spell levels left.
You didn't know any spells.
Your spell library was empty.

Dungeon Overview and Level Annotations

Branches:
Dungeon (5/15)
 Temple: D:4-7

Altars:
Ashenzari

Annotations:
D:3 1 runed translucent door, iles's ghost, amateur DrBe


Innate Abilities, Weirdness & Mutations

You are too large for most types of armour.
You have claws for hands.
You have a fast metabolism.
Your natural rate of healing is unusually fast.
You are covered in fur. (AC +1)
You have extremely tough skin. (AC +3)


Message History

You are too injured to fight recklessly!
You are too injured to fight recklessly!
You are too injured to fight recklessly!
You are too injured to fight recklessly!
You are too injured to fight recklessly!
You are too injured to fight recklessly!
You are too injured to fight recklessly!
Press: ? - help, Shift-Dir - straight line, f - ogre
Aim: an ogre, wielding a +0 giant club (lightly wounded, chance to defeat MR: 81%)
Okay, then.
You claw the ogre!
The ogre is moderately wounded.
The ogre hits you with a +0 giant club!
* * * LOW HITPOINT WARNING * * *
You scratch the ogre but do no damage.
The ogre is moderately wounded.
You scratch the ogre.
The ogre is heavily wounded.
The ogre hits you with a +0 giant club!!
You die...

## ##.. #.. #
#.. #.##..
#.#.(# #....####
### #.......+
+.. #..O@..# ###
###.##.# ## #.#
####.#####
#.>....<.##+#
#.##.###.##.# #
#.###.##.# #####
#........###....
#####>#...##.###


You could see an ogre.

Vanquished Creatures
  An ogre (D:4)
  An orc priest (D:3)
  An orc wizard (D:3)
  An adder (D:3)
  4 gnolls (D:3)
  An ufetubus (D:3)
  3 oozes
  A dart slug (D:2)
  4 leopard geckos
  8 orcs
  A ball python (D:1)
  7 bats
  A giant cockroach (D:1)
  5 goblins
  8 hobgoblins
  7 kobolds
  2 quokkas (D:2)
  2 frilled lizards
  4 rats
62 creatures vanquished.

Vanquished Creatures (others)
  2 withered plants (D:3)
2 creatures vanquished.

Grand Total: 64 creatures vanquished

Notes
Turn   | Place    | Note
-------+----------+-------------------------------------------
     0 | Abyss:1  | Apogee the Troll Abyssal Knight began the quest for the
                  | Orb.
     0 | Abyss:1  | Reached XP level 1. HP: 22/22 MP: 1/1
    22 | D:1      | Escaped the Abyss
    88 | D:1      | Reached XP level 2. HP: 29/29 MP: 2/2
   651 | D:2      | Reached skill level 3 in Unarmed Combat
   651 | D:2      | Reached XP level 3. HP: 36/36 MP: 3/3
   668 | D:2      | Reached ** piety under Lugonu
   710 | D:2      | Found a shattered altar of Ashenzari.
  1155 | D:3      | Reached XP level 4. HP: 30/45 MP: 4/4
  1272 | D:3      | Found a runed translucent door.
  1272 | D:3      | Noticed iles's ghost (amateur DrBe)
  1308 | D:3      | Reached skill level 4 in Unarmed Combat
  1405 | D:3      | Reached XP level 5. HP: 50/53 MP: 5/5
  1688 | D:3      | Reached *** piety under Lugonu
  2064 | D:4      | Noticed an ogre
  2070 | D:4      | Killed an ogre
  2070 | D:4      | Reached XP level 6. HP: 32/61 MP: 7/7
  2134 | D:4      | Noticed an ice beast
  2134 | D:4      | You fall into a shaft and drop 1 floor!
  2134 | D:5      | Entered Level 5 of the Dungeon
  2214 | D:5      | Mangled by an ogre

Illustrated notes

Levels and vault maps discovered:
D:1:      heliophobic_arrival_enchanted_forest, layout_loops_cross
D:2:      layout_basic, nicolae_ashenzari_panopticon
D:3:      layout_loops_ring, gammafunk_ghost_grave
D:4:      kennysheep_the_goblin_king, layout_basic, kennysheep_pointless_box
D:5:      layout_loops_corners, serial_shops, nicolae_shop_statue_plus,
          first_ration, grunt_gozag_breadcrumbs, uniq_edmund

Skill      XL: |  1  2  3  4 |
---------------+-------------+-----
Unarmed Combat | 3 4 |  4.8
Invocations    | 2 |  2.9
Fighting       | 3 |  3.5
Dodging        | |  1.9

Action                   |  1- 3 |  4- 6 || total
-------------------------+-------+-------++-------
Melee: Unarmed           |    99 |    65 ||   164
       Punch             |     1 |       ||     1
  Use: Scroll            |     4 |       ||     4
 Stab: Sleeping          |     1 |       ||     1
  Eat: Ration            |     1 |     1 ||     2
Armor: Robe              |    31 |    14 ||    45
Dodge: Dodged            |    49 |    22 ||    71

Table legend:
 A = Non-vault XP
 B = Vault XP
 C = Vault XP percentage of total XP
 D = Non-vault monster count
 E = Vault monster count
 F = Vault count percentage of total count
                 A         B        C        D         E       F
            +---------+---------+-------+---------+---------+-------
      Total |     404 |       0 |   0.0 |      62 |       0 |   0.0
            +---------+---------+-------+---------+---------+-------
        D:1 |      38 |       0 |   0.0 |      18 |       0 |   0.0
        D:2 |      42 |       0 |   0.0 |      16 |       0 |   0.0
        D:3 |     193 |       0 |   0.0 |      25 |       0 |   0.0
        D:4 |     125 |       0 |   0.0 |       1 |       0 |   0.0
        D:5 |       6 |       0 |   0.0 |       2 |       0 |   0.0
            +---------+---------+-------+---------+---------+-------
